[Event "MPL 35th National U-20 Girls Chess-ch 20"]
[Site "Haryana"]
[Date "2022.03.09"]
[Round "2.6"]
[White "Swara Lakshmi S Nair"]
[Black "Srimathi R"]
[Result "1/2-1/2"]
[ECO "B35"]
[WhiteElo "1383"]
[BlackElo "1944"]
[Annotator "ChessBase"]
[PlyCount "78"]
[EventDate "2022.03.09"]
[EventCountry "IND"]
[SourceTitle "playchess.com"]
[Source "ChessBase"]
[SourceQuality "1"]
[TimeControl "5400+30"]

1. e4 c5 2. Nf3 Nc6 3. d4 cxd4 4. Nxd4 g6 5. Nc3 Bg7 6. Be3 Nf6 7. Bc4 O-O 8. Bb3 a5 9. O-O d6 10. f3 Bd7 11. a3 Nxd4 12. Bxd4 Bc6 13. Nd5 e6 14. Nxf6+ Bxf6 15. c4 b5 16. Rc1 bxc4 17. Bxc4 d5 18. exd5 Bxd5 19. Bxd5 exd5 20. Rc6 Be7 21. Qd2 Qd7 22. Rfc1 Rfe8 23. Qf4 Rac8 24. Rxc8 Rxc8 25. Rxc8+ Qxc8 26. Qe5 Qc1+ 27. Kf2 Qd2+ 28. Kg3 Bd6 29. Qxd6 Qxd4 30. b4 axb4 31. axb4 Qc3 32. b5 d4 33. b6 Qb2 34. Qc7 Qd2 35. b7 Qg5+ 36. Kf2 Qd2+ 37. Kg3 Qg5+ 38. Kf2 Qd2+ 39. Kg3 Qg5+ 1/2-1/2

[Event "MPL 35th National U-20 Girls Chess-ch 20"]
[Site "Haryana"]
[Date "2022.03.10"]
[Round "3.6"]
[White "Velpula Sarayu"]
[Black "Varshita Jain"]
[Result "1-0"]
[ECO "C42"]
[WhiteElo "1875"]
[BlackElo "1491"]
[Annotator "NA RC"]
[PlyCount "99"]
[EventDate "2022.03.09"]
[EventCountry "IND"]
[SourceTitle "playchess.com"]
[Source "ChessBase"]
[SourceQuality "1"]
[TimeControl "5400+30"]

1. e4 e5 2. Nf3 Nf6 3. Nxe5 d6 4. Nf3 Nxe4 5. Nc3 Nxc3 6. dxc3 Be7 7. Be3 Nd7 8. Qd2 Nf6 9. O-O-O Be6 10. Kb1 O-O 11. Bd3 d5 12. Nd4 c5 13. Nxe6 fxe6 14. c4 Ng4 15. Qe2 Nxe3 16. Qxe3 Rf6 17. cxd5 exd5 18. Bc4 Qf8 19. Rxd5 Kh8 20. Re1 Bd6 21. Bd3 Qf7 22. Qe4 g6 23. g3 Bf8 24. Bc4 Qg7 25. Red1 Rb6 26. Bb3 Qf6 (26... Qe7 {is a better defense.} 27. Qd3 Re8) 27. Qe5 Qxe5 28. Rxe5 c4 29. Bxc4 Rc8 30. Bb3 Rd6 31. Rxd6 Bxd6 32. Re2 Bc5 33. f4 Rd8 34. Kc1 Kg7 35. Bc4 Rd7 36. Bd3 Bd4 37. Bb5 Rc7 38. c3 a6 39. Bd3 Kf6 40. Be4 b5 41. Kd2 Ba7 42. Bd3 Rd7 43. Kc2 Bg1 44. h3 h5 (44... Re7 $16 {was necessary.} 45. Kd2 Bc5) 45. Re5 Bf2 (45... Rd6 $142 46. Rg5 Kg7) 46. Rg5 Rg7 47. h4 Bb6 48. Kd2 Bf2 49. f5 gxf5 $18 (49... Ra7 $142 50. Rxg6+ Kf7) 50. Rxf5+ 1-0

[Event "MPL 35th National U-20 Girls Chess-ch 20"]
[Site "Haryana"]
[Date "2022.03.10"]
[Round "4.4"]
[White "Divyabharathi Masanam"]
[Black "Velpula Sarayu"]
[Result "1-0"]
[ECO "B35"]
[WhiteElo "1711"]
[BlackElo "1875"]
[Annotator "NA RC"]
[PlyCount "95"]
[EventDate "2022.03.09"]
[EventCountry "IND"]
[SourceTitle "playchess.com"]
[Source "ChessBase"]
[SourceQuality "1"]
[TimeControl "5400+30"]

1. e4 c5 2. Nf3 g6 3. d4 cxd4 4. Nxd4 Nc6 5. Nc3 Bg7 6. Be3 Nf6 7. Bc4 O-O 8. Bb3 Re8 9. f3 e6 10. Qd3 d5 11. O-O-O Nxd4 12. Bxd4 e5 13. Bf2 d4 $1 ({Much less strong is} 13... Bh6+ 14. Kb1 $14) 14. Kb1 ({Much weaker is} 14. Qc4 Qe7 15. Nb5 Bd7 $17) 14... Qc7 (14... Qe7 $11 {is more appropriate.} 15. Ne2 Nd7) 15. Ne2 Be6 (15... Nd7 $11) 16. Bxe6 Rxe6 17. c3 dxc3 $1 18. Nxc3 Bf8 19. Bh4 Nh5 ({Black should play} 19... Qa5 $14) 20. Nd5 Qa5 21. Be1 Qa4 22. Qc2 Qxc2+ 23. Kxc2 Rc8+ 24. Bc3 Nf4 (24... Bd6 $14) 25. Nxf4 exf4 {[%emt 0:00:05] [#]} 26. Kb1 (26. Rd7 $1 $16) 26... Rb6 27. Bd4 Rb4 ({Black should try} 27... Bc5 $14) 28. Rd2 a5 29. Rhd1 (29. Be5 $16) 29... Rb5 ({Black should play} 29... Bg7 $1 $14) 30. Bf6 Rc6 $2 (30... Rb6 $16) 31. e5 Re6 $18 32. Rd8 Rbxe5 33. Bxe5 Rxe5 34. R8d5 Re2 35. R1d2 Re1+ 36. Rd1 Re2 37. R5d2 Re6 38. a3 Bc5 39. Kc2 Rc6 40. Kb3 Re6 41. Kc4 Be3 42. Rd6 Rxd6 43. Rxd6 h5 44. b3 Kg7 45. Kb5 b6 46. Rxb6 Bxb6 47. Kxb6 g5 48. Kxa5 1-0

[Event "MPL 35th National U-20 Girls Chess-ch 20"]
[Site "Haryana"]
[Date "2022.03.10"]
[Round "4.5"]
[White "Kriti Mayur Patel"]
[Black "Arushi Kotwal"]
[Result "1/2-1/2"]
[ECO "C11"]
[WhiteElo "1440"]
[BlackElo "1854"]
[Annotator "NA RC"]
[PlyCount "63"]
[EventDate "2022.03.09"]
[EventCountry "IND"]
[SourceTitle "playchess.com"]
[Source "ChessBase"]
[SourceQuality "1"]
[TimeControl "5400+30"]

1. e4 e6 2. d4 d5 3. Nc3 Nf6 4. e5 Nfd7 5. f4 c5 6. Nf3 Nc6 7. Be3 cxd4 8. Nxd4 Bc5 9. Qd2 Nxd4 10. Bxd4 a6 11. O-O-O b5 {[%emt 0:00:44] [#]} ({Better is} 11... O-O $11) 12. Bxc5 (12. Ne4 $1 $16 Be7 (12... dxe4 13. Bxc5) 13. Nd6+ Bxd6 14. exd6) 12... Nxc5 13. Qd4 Qc7 14. g4 Bb7 15. Bg2 (15. h4 $142) 15... Nd7 (15... Rb8 $15) 16. Rhe1 Qc5 17. Qxc5 Nxc5 18. Ne2 h5 19. h3 hxg4 20. hxg4 g6 21. Rh1 Ke7 22. Nd4 Rac8 23. Kb1 Nd7 24. g5 Nb6 (24... b4 $1 $11) 25. Rxh8 Rxh8 26. Rh1 Rxh1+ 27. Bxh1 b4 28. b3 Nd7 ({Black should try} 28... Kd7) 29. Kb2 Kd8 30. a3 bxa3+ 31. Kxa3 Kc7 32. Bg2 $11 1/2-1/2

[Event "MPL 35th National U-20 Girls Chess-ch 20"]
[Site "Haryana"]
[Date "2022.03.11"]
[Round "5.4"]
[White "Tanishka Kotia"]
[Black "Kriti Mayur Patel"]
[Result "1-0"]
[ECO "C24"]
[WhiteElo "1849"]
[BlackElo "1440"]
[Annotator "NA RC"]
[PlyCount "109"]
[EventDate "2022.03.09"]
[EventCountry "IND"]
[SourceTitle "playchess.com"]
[Source "ChessBase"]
[SourceQuality "1"]
[TimeControl "5400+30"]

1. e4 e5 2. Bc4 Nf6 3. d3 Nc6 4. Nc3 Bc5 5. f4 d6 6. Nf3 Bg4 7. Na4 Bb6 8. Nxb6 axb6 9. c3 Bxf3 10. Qxf3 h6 11. O-O O-O 12. Bb3 b5 13. Be3 Kh7 ({Black should try} 13... b4) 14. Qh3 (14. fxe5 $18 Nxe5 15. Qf5+ Kg8 16. d4) 14... Qd7 {[%emt 0:05:22] [#]} 15. f5 $1 Rh8 16. Bg5 Qe7 17. Rf3 Kg8 18. Bxf6 Qxf6 19. Rg3 Kf8 {[%emt 0:02:16] [#]} (19... Kh7 $1 $11 {keeps the balance.}) 20. Rf1 $1 Ke7 {[%emt 0:01:51] [#]} (20... Ke8 $16 {might work better.}) 21. Rxg7 $1 Raf8 22. Qg3 Na5 $2 {[%emt 0:01:26] [#]} (22... Kd8 {is more resistant.} 23. a4 Na5) 23. Bxf7 $1 Rxf7 24. Rg6 Rhf8 25. Rxf6 Rxf6 26. d4 Nc6 27. Qd3 Rb8 28. Rf3 Kf7 29. Qxb5 Ke7 30. Qd5 Rbf8 31. Rg3 R8f7 32. Qb5 exd4 33. Qxb7 Kd7 34. Rg8 Rf8 35. Rg7+ R8f7 $18 36. Rxf7+ Rxf7 37. cxd4 Re7 38. Qb5 Rxe4 39. d5 Re5 40. Qxc6+ Kd8 41. f6 Rf5 42. Qa8+ Kd7 43. Qg8 Rxf6 44. Qg7+ Kc8 45. Qxf6 Kb7 46. Qxh6 Kb6 47. g4 Kb7 48. g5 c6 49. dxc6+ Kxc6 50. g6 Kc7 51. g7 Kb7 52. g8=Q Ka7 53. Qxd6 Kb7 54. Qg7+ Kc8 55. Qdc7# 1-0

[Event "MPL 35th National U-20 Girls Chess-ch 20"]
[Site "Haryana"]
[Date "2022.03.11"]
[Round "6.1"]
[White "Priyanka Nutakki"]
[Black "Lakshmi C"]
[Result "1-0"]
[ECO "E73"]
[WhiteElo "2301"]
[BlackElo "1968"]
[Annotator "ChessBase"]
[PlyCount "113"]
[EventDate "2022.03.09"]
[EventCountry "IND"]
[SourceTitle "playchess.com"]
[Source "ChessBase"]
[SourceQuality "1"]
[TimeControl "5400+30"]

1. d4 Nf6 2. c4 g6 3. Nc3 Bg7 4. e4 d6 5. Be2 O-O 6. Be3 Na6 7. Nf3 Ng4 8. Bg5 c5 9. d5 f5 10. exf5 Bxf5 11. h3 Nf6 12. Bd3 Qd7 13. a3 e5 14. Be2 Qf7 15. Be3 Nc7 16. Ng5 Qe8 17. g4 Bc8 18. Nge4 Qd7 19. b4 b6 20. Rb1 Nce8 21. Ng5 Nc7 22. Bf3 Ba6 23. Ne6 Nxe6 24. dxe6 Qxe6 25. g5 e4 26. Be2 Nd7 27. Nd5 Rac8 28. Qa4 Nb8 29. Bg4 Qe5 30. Bxc8 Bxc4 31. Bb7 Bxd5 32. Bxd5+ Qxd5 33. Qb3 c4 34. Qc2 Nc6 35. Rd1 Nd4 36. Rxd4 Bxd4 37. Qd2 c3 38. Qxd4 Qxd4 39. Bxd4 Rf3 40. Be3 d5 41. Ke2 Kf7 42. Rc1 Ke6 43. Rxc3 Rxh3 44. a4 Kd6 45. a5 bxa5 46. bxa5 a6 47. Rc8 Ke5 48. Re8+ Kf5 49. Rf8+ Ke5 50. Ra8 Kf5 51. Rxa6 d4 52. Bxd4 Kxg5 53. Be3+ Kf5 54. Ra8 Rh1 55. a6 Ra1 56. a7 Ra2+ 57. Kf1 1-0

[Event "MPL 35th National U-20 Girls Chess-ch 20"]
[Site "Haryana"]
[Date "2022.03.11"]
[Round "6.2"]
[White "Bhagyashree Patil"]
[Black "Tanishka Kotia"]
[Result "1-0"]
[ECO "B01"]
[WhiteElo "1974"]
[BlackElo "1849"]
[Annotator "ChessBase"]
[PlyCount "166"]
[EventDate "2022.03.09"]
[EventCountry "IND"]
[SourceTitle "playchess.com"]
[Source "ChessBase"]
[SourceQuality "1"]
[TimeControl "5400+30"]

1. e4 d5 2. exd5 Nf6 3. Nf3 Nxd5 4. d4 Bg4 5. Be2 e6 6. c4 Bb4+ 7. Bd2 Bxd2+ 8. Qxd2 Nb6 9. Na3 Qe7 10. O-O Nc6 11. Qf4 Bh5 12. d5 exd5 13. cxd5 Nxd5 14. Qf5 Nf6 15. Ba6 Bxf3 16. Qxf3 O-O 17. Bxb7 Nd4 18. Qe3 Ne2+ 19. Kh1 Qxe3 20. fxe3 Rab8 21. Bf3 Rxb2 22. Nc4 Rc2 23. Na3 Rc3 24. Nb5 Rxe3 25. Nxa7 Nd4 26. a4 Nxf3 27. gxf3 Ra8 28. Nc6 Rc3 29. Rac1 Rxc1 30. Rxc1 Rxa4 31. Ne7+ Kf8 32. Rxc7 g6 33. Nc6 Nd5 34. Rb7 Ne3 35. Kg1 Rf4 36. Kf2 Nf5 37. Ne5 Nh4 38. Kg3 g5 39. Rb3 f6 40. Ng4 Nf5+ 41. Kg2 Nd4 42. Rb4 Kf7 43. h3 h5 44. Nf2 Ne6 45. Ne4 Kg6 46. Ra4 Rf5 47. Ng3 Rb5 48. h4 Nf4+ 49. Kh1 gxh4 50. Rxf4 hxg3 51. Kg2 Rg5 52. Ra4 Kh6 53. Rf4 Rg6 54. Ra4 f5 55. Rb4 Kg7 56. Rh4 Kf6 57. Rxh5 f4 58. Ra5 Rg5 59. Ra6+ Kf5 60. Ra5+ Kg6 61. Ra6+ Kh5 62. Rf6 Kh4 63. Rxf4+ Kh5 64. Rf6 Rg8 65. Ra6 Kh4 66. Ra1 Rg7 67. Rh1+ Kg5 68. Kxg3 Kf5+ 69. Kf2 Ra7 70. Rh5+ Kf4 71. Rh4+ Kg5 72. Kg3 Ra1 73. Rh8 Ra3 74. Rb8 Ra4 75. f4+ Kf5 76. Rb5+ Kf6 77. Kg4 Ra6 78. Rh5 Re6 79. Rh6+ Kf7 80. Rxe6 Kxe6 81. Kg5 Kf7 82. Kf5 Kg7 83. Ke6 Kg6 1-0

[Event "MPL 35th National U-20 Girls Chess-ch 20"]
[Site "Haryana"]
[Date "2022.03.11"]
[Round "6.3"]
[White "Bommini Mounika Akshaya"]
[Black "Divyabharathi Masanam"]
[Result "0-1"]
[ECO "D35"]
[WhiteElo "2145"]
[BlackElo "1711"]
[Annotator "ChessBase"]
[PlyCount "104"]
[EventDate "2022.03.09"]
[EventCountry "IND"]
[SourceTitle "playchess.com"]
[Source "ChessBase"]
[SourceQuality "1"]
[TimeControl "5400+30"]

1. d4 d5 2. c4 e6 3. Nc3 Nf6 4. cxd5 exd5 5. Bg5 Be7 6. e3 h6 7. Bh4 O-O 8. Bd3 b6 9. Nge2 Bb7 10. O-O c5 11. Rc1 Qd7 12. f3 Rd8 13. Bf2 Nc6 14. Ng3 g6 15. a3 Bf8 16. Nge2 Rac8 17. Re1 Bg7 18. b3 cxd4 19. Nxd4 Bf8 20. Nxc6 Bxc6 21. b4 a5 22. Qb3 Qd6 23. Rb1 Bd7 24. Ne2 Be6 25. Nd4 Bd7 26. Bg3 Qe7 27. Ba6 Ra8 28. Bb7 Ra7 29. Nc6 Bxc6 30. Bxc6 axb4 31. axb4 b5 32. Bxb5 Rb7 33. Qd3 Nh5 34. Bf2 Nf6 35. Bh4 g5 36. Bg3 Nh5 37. Bf2 Nf6 38. Ba4 Rxb4 39. Bc2 Bg7 40. Red1 Rdb8 41. Rxb4 Qxb4 42. Rb1 Qd6 43. Rxb8+ Qxb8 44. Be1 Qb6 45. Bc3 Kf8 46. Qf5 Qxe3+ 47. Kf1 Qxc3 48. Bd3 Ne4 49. Bxe4 dxe4 50. Qxe4 Bd4 51. Qa8+ Kg7 52. Qe4 Qd2 0-1

[Event "MPL 35th National U-20 Girls Chess-ch 20"]
[Site "Haryana"]
[Date "2022.03.11"]
[Round "6.4"]
[White "Abhirami Madabushi"]
[Black "Rindhiya V"]
[Result "0-1"]
[ECO "C54"]
[WhiteElo "1777"]
[BlackElo "1949"]
[Annotator "NA"]
[PlyCount "62"]
[EventDate "2022.03.09"]
[EventCountry "IND"]
[SourceTitle "playchess.com"]
[Source "ChessBase"]
[SourceQuality "1"]
[TimeControl "5400+30"]

1. e4 e5 2. Nf3 Nc6 3. Bc4 Bc5 4. c3 Nf6 5. d3 d6 6. Bb3 a6 7. Nbd2 O-O 8. Qe2 Be6 9. Nc4 b5 10. Ne3 Bxe3 11. Bxe3 h6 12. Bxe6 fxe6 13. h3 d5 14. O-O Qd6 $14 15. b4 dxe4 16. dxe4 Nxe4 17. Qc2 Qd5 18. Rad1 Qc4 19. Bxh6 Rf6 20. Rfe1 Nxc3 21. Rd7 Rxh6 22. Qd2 Rg6 23. Rxc7 Nd5 24. Rc1 Qe4 25. Kh1 Nxc7 26. Qd7 Rf8 27. Rxc6 Rxf3 28. Rxc7 Qe1+ 29. Kh2 Rxg2+ 30. Kxg2 Qxf2+ 31. Kh1 Rxh3# 0-1

[Event "MPL 35th National U-20 Girls Chess-ch 20"]
[Site "Haryana"]
[Date "2022.03.11"]
[Round "6.5"]
[White "Ghosh Samriddhaa"]
[Black "Poorna Sri M.K"]
[Result "1-0"]
[ECO "B92"]
[WhiteElo "1910"]
[BlackElo "1763"]
[Annotator "NA"]
[PlyCount "133"]
[EventDate "2022.03.09"]
[EventCountry "IND"]
[SourceTitle "playchess.com"]
[Source "ChessBase"]
[SourceQuality "1"]
[TimeControl "5400+30"]

1. e4 c5 2. Nf3 d6 3. d4 cxd4 4. Nxd4 Nf6 5. Nc3 a6 6. Be2 e5 7. Nb3 Be7 8. O-O O-O 9. Be3 Be6 10. Qd2 Nbd7 11. a4 Rc8 12. a5 Qc7 13. Rfd1 Rfe8 14. h3 h6 15. Qe1 Nh7 16. f4 exf4 17. Bxf4 Ne5 18. Nd4 Bg5 19. Bxg5 Nxg5 20. Kh1 Nc4 21. Bxc4 Qxc4 22. h4 Nh7 23. Ra4 Qc7 24. Qg3 Nf6 25. Nf3 Rcd8 26. Rd2 Bd7 27. Rad4 Bc6 28. e5 Nh5 29. Qg4 Bxf3 30. Qxf3 Rxe5 31. Nd5 Qxa5 32. g4 Re1+ 33. Kg2 Nf6 34. Nxf6+ gxf6 35. Qxf6 Re6 36. Qf4 Qb6 37. b4 Qc6+ 38. Qf3 Qxf3+ 39. Kxf3 Kf8 40. c4 Ke7 41. c5 Rd7 42. Rd5 Rd8 43. Kf4 Rd7 44. g5 Rd8 45. Kf5 hxg5 46. hxg5 Rd7 $18 {[%emt 0:00:40] [#]} (46... b6 $11) 47. Rxd6 $1 Rdxd6 (47... Re2 $2 ) 48. Rxd6 Re2 49. Rb6 Rf2+ 50. Ke4 Rb2 51. Rxb7+ Kd8 52. Ke5 a5 53. b5 a4 54. Kd6 Kc8 55. Kc6 Rg2 56. Ra7 Kb8 57. Kb6 Rxg5 58. Rxa4 Rg6+ 59. c6 f5 60. Rf4 Rf6 61. Kc5 Kc7 62. b6+ Kb8 63. Ra4 f4 64. c7+ Kb7 65. Ra7+ Kc8 66. Ra8+ Kd7 67. c8=Q+ 1-0

[Event "MPL 35th National U-20 Girls Chess-ch 20"]
[Site "Haryana"]
[Date "2022.03.11"]
[Round "6.6"]
[White "Femil Chelladurai"]
[Black "Velpula Sarayu"]
[Result "0-1"]
[ECO "B36"]
[WhiteElo "1580"]
[BlackElo "1875"]
[Annotator "NA"]
[PlyCount "91"]
[EventDate "2022.03.09"]
[EventCountry "IND"]
[SourceTitle "playchess.com"]
[Source "ChessBase"]
[SourceQuality "1"]
[TimeControl "5400+30"]

1. e4 c5 2. Nf3 g6 3. d4 cxd4 4. Nxd4 Nc6 5. c4 Nf6 6. Nc3 d6 7. f3 Nxd4 8. Qxd4 Bg7 9. Be3 O-O 10. Qd2 Qa5 11. Be2 Be6 12. Rd1 Rfc8 13. Nd5 Qxd2+ 14. Rxd2 Nxd5 15. exd5 Bd7 16. O-O a6 17. Bb6 Re8 18. f4 a5 19. Bd4 Bxd4+ 20. Rxd4 Rab8 21. a4 Bxa4 22. Ra1 Bd7 23. Rxa5 Ra8 24. Rxa8 Rxa8 25. Rd3 b5 26. Ra3 Rxa3 27. bxa3 bxc4 28. Bxc4 Kf8 29. Kf2 Ke8 30. Ke3 Kd8 31. Kd4 Kc7 32. Kc3 Kb6 33. Kb4 Bc8 34. a4 Bb7 35. a5+ Ka7 36. g3 h6 37. h4 Ba6 38. Bb5 Bb7 39. Bc6 Bxc6 40. dxc6 Ka6 41. Kc4 e6 42. g4 f6 43. f5 exf5 44. gxf5 g5 45. hxg5 hxg5 46. Kd5 0-1

[Event "MPL 35th National U-20 Girls Chess-ch 20"]
[Site "Haryana"]
[Date "2022.03.12"]
[Round "8.1"]
[White "Ghosh Samriddhaa"]
[Black "Priyanka Nutakki"]
[Result "1/2-1/2"]
[ECO "C71"]
[WhiteElo "1910"]
[BlackElo "2301"]
[Annotator "ChessBase"]
[PlyCount "61"]
[EventDate "2022.03.09"]
[EventCountry "IND"]
[SourceTitle "playchess.com"]
[Source "ChessBase"]
[SourceQuality "1"]
[TimeControl "5400+30"]

1. e4 e5 2. Nf3 Nc6 3. Bb5 a6 4. Ba4 d6 5. d4 exd4 6. Nxd4 Bd7 7. Bxc6 bxc6 8. Nc3 g6 9. Be3 Bg7 10. Qd2 h6 11. O-O Rb8 12. b3 Ne7 13. Rad1 Qc8 14. h3 f5 15. exf5 Nxf5 16. Nxf5 Bxf5 17. Bd4 O-O 18. Bxg7 Kxg7 19. Ne2 Qd7 20. Ng3 Kh7 21. Rfe1 Rbe8 22. c4 Qf7 23. Re3 Bd7 24. Rf3 Qg7 25. Rxf8 Rxf8 26. Qa5 Bc8 27. Re1 c5 28. Re2 Bb7 29. Qe1 Bc6 30. Qa5 Bb7 31. Qe1 1/2-1/2

[Event "MPL 35th National U-20 Girls Chess-ch 20"]
[Site "Haryana"]
[Date "2022.03.12"]
[Round "8.2"]
[White "Femil Chelladurai"]
[Black "Bhagyashree Patil"]
[Result "0-1"]
[ECO "C50"]
[WhiteElo "1580"]
[BlackElo "1974"]
[Annotator "ChessBase"]
[PlyCount "128"]
[EventDate "2022.03.09"]
[EventCountry "IND"]
[SourceTitle "playchess.com"]
[Source "ChessBase"]
[SourceQuality "1"]
[TimeControl "5400+30"]

1. e4 e5 2. Nf3 Nc6 3. Bc4 Be7 4. O-O d6 5. d3 h6 6. c3 Nf6 7. Nbd2 O-O 8. Re1 Be6 9. Bb3 Qd7 10. d4 Bg4 11. h3 Bh5 12. d5 Nd8 13. Nf1 Bg6 14. Ng3 Re8 15. Bc2 Bf8 16. Nh4 Bh7 17. Nhf5 Kh8 18. Qf3 Ng8 19. Qg4 g6 20. Ne3 h5 21. Qf3 Bg7 22. Bd2 Rf8 23. Ngf1 f6 24. g4 Nf7 25. Qg2 Ne7 26. f3 Bh6 27. Nc4 Bf4 28. Bxf4 exf4 29. Qh2 Ng5 30. Ncd2 f5 31. h4 Nxf3+ 32. Nxf3 fxg4 33. Ng5 Rf6 34. Nd2 Bg8 35. Rf1 Raf8 36. Qf2 c5 37. c4 Nc8 38. Rae1 Re8 39. Qh2 f3 40. e5 dxe5 41. Rxe5 Ref8 42. Nde4 Rf4 43. Ne6 Bxe6 44. Rxe6 Qg7 45. Ng3 Rxc4 46. Qf2 Ne7 47. b3 Rd4 48. d6 Nd5 49. Rxg6 Nf4 50. Rxg7 Nh3+ 51. Kh2 Nxf2 52. Rxf2 Kxg7 53. Nf5+ Rxf5 54. Bxf5 Rxd6 55. Kg3 Rd4 56. Bc8 b6 57. Ba6 Kf6 58. Bc4 Ke5 59. Rf1 Rd2 60. Rf2 Rd7 61. Rf1 Rd2 62. Re1+ Kf5 63. Be6+ Kf6 64. Bc4 Rc2 0-1

[Event "MPL 35th National U-20 Girls Chess-ch 20"]
[Site "Haryana"]
[Date "2022.03.12"]
[Round "8.3"]
[White "Lakshmi C"]
[Black "Marium Fatima"]
[Result "1/2-1/2"]
[ECO "C14"]
[WhiteElo "1968"]
[BlackElo "1511"]
[Annotator "ChessBase"]
[PlyCount "70"]
[EventDate "2022.03.09"]
[EventCountry "IND"]
[SourceTitle "playchess.com"]
[Source "ChessBase"]
[SourceQuality "1"]
[TimeControl "5400+30"]

1. e4 e6 2. d4 d5 3. Nc3 Nf6 4. Bg5 Be7 5. e5 Nfd7 6. Bxe7 Qxe7 7. Qd2 a6 8. f4 c5 9. Nf3 Nc6 10. dxc5 Nxc5 11. O-O-O b5 12. Bd3 b4 13. Ne2 O-O 14. Qe3 f6 15. Ned4 Bd7 16. h4 Nxd4 17. Qxd4 a5 18. Rhe1 f5 19. h5 a4 20. Kb1 b3 21. a3 bxc2+ 22. Bxc2 Bb5 23. Qe3 Bc4 24. Nd4 Ra6 25. g4 fxg4 26. f5 Rb8 27. f6 Qb7 28. Qc3 Rb6 29. Rg1 Rxb2+ 30. Kc1 Rxc2+ 31. Qxc2 Nb3+ 32. Nxb3 Bxb3 33. Qf2 Bxd1 34. Rxd1 Qb1+ 35. Kd2 Rb2+ 1/2-1/2

[Event "MPL 35th National U-20 Girls Chess-ch 20"]
[Site "Haryana"]
[Date "2022.03.12"]
[Round "8.4"]
[White "Divyabharathi Masanam"]
[Black "Rindhiya V"]
[Result "1/2-1/2"]
[ECO "C54"]
[WhiteElo "1711"]
[BlackElo "1949"]
[Annotator "ChessBase"]
[PlyCount "60"]
[EventDate "2022.03.09"]
[EventCountry "IND"]
[SourceTitle "playchess.com"]
[Source "ChessBase"]
[SourceQuality "1"]
[TimeControl "5400+30"]

1. e4 e5 2. Nf3 Nc6 3. Bc4 Bc5 4. c3 Nf6 5. d3 d6 6. O-O h6 7. h3 O-O 8. Bb3 a6 9. Nbd2 Ba7 10. Re1 Be6 11. Nf1 Ne7 12. Be3 Ng6 13. Ng3 Re8 14. Bxa7 Rxa7 15. d4 Ra8 16. Qc2 c6 17. Rad1 Qc7 18. Rd2 c5 19. Bxe6 Rxe6 20. dxe5 dxe5 21. Red1 c4 22. Kh2 Nf4 23. Ne1 b5 24. Nf5 Ng6 25. g3 Ne7 26. Nxe7+ Qxe7 27. Ng2 Qb7 28. Re2 Qc6 29. f3 Ra7 30. Ne3 Rd7 1/2-1/2

[Event "MPL 35th National U-20 Girls Chess-ch 20"]
[Site "Haryana"]
[Date "2022.03.12"]
[Round "8.5"]
[White "Bommini Mounika Akshaya"]
[Black "Anupam M Sreekumar"]
[Result "1/2-1/2"]
[ECO "D00"]
[WhiteElo "2145"]
[BlackElo "1724"]
[Annotator "ChessBase"]
[PlyCount "59"]
[EventDate "2022.03.09"]
[EventCountry "IND"]
[SourceTitle "playchess.com"]
[Source "ChessBase"]
[SourceQuality "1"]
[TimeControl "5400+30"]

1. d4 d5 2. Bf4 Nf6 3. e3 e6 4. Nd2 Be7 5. Ngf3 O-O 6. Bd3 b6 7. Qe2 Bb7 8. Ne5 c5 9. c3 Nc6 10. Rd1 a5 11. a4 Nd7 12. Bg3 cxd4 13. Nxd7 Qxd7 14. exd4 Nb8 15. Ra1 Bd6 16. f4 Ba6 17. O-O Bxd3 18. Qxd3 Nc6 19. Nf3 Ne7 20. Ne5 Bxe5 21. fxe5 Rab8 22. Rf2 Rfc8 23. Bf4 Rc4 24. b3 Rcc8 25. Raf1 Rf8 26. Bg5 h6 27. Bc1 b5 28. axb5 Rxb5 29. c4 dxc4 30. Qxc4 1/2-1/2

[Event "MPL 35th National U-20 Girls Chess-ch 20"]
[Site "Haryana"]
[Date "2022.03.12"]
[Round "8.6"]
[White "Chinnam Vyshnavi"]
[Black "Velpula Sarayu"]
[Result "1/2-1/2"]
[ECO "A05"]
[WhiteElo "1721"]
[BlackElo "1875"]
[Annotator "NA"]
[PlyCount "56"]
[EventDate "2022.03.09"]
[EventCountry "IND"]
[SourceTitle "playchess.com"]
[Source "ChessBase"]
[SourceQuality "1"]
[TimeControl "5400+30"]

1. Nf3 Nf6 2. c4 g6 3. b4 Bg7 4. Bb2 O-O 5. g3 c5 6. bxc5 Na6 7. d4 Ne4 8. Qc2 d5 9. cxd6 Nxd6 10. e4 Bg4 11. Nbd2 Nb4 12. Qb3 Nc6 13. e5 Nf5 14. d5 Na5 15. Qd3 Rc8 16. h3 Bxf3 17. Qxf3 Bh6 18. Nb3 Nxc4 19. Bxc4 Rxc4 20. O-O Qd7 21. Bc1 Bxc1 22. Raxc1 Nd4 23. Qe4 Nxb3 24. Qxc4 Nd2 25. Qd3 Nxf1 26. Rxf1 Rd8 27. Rd1 Qxh3 28. d6 Qd7 1/2-1/2

[Event "MPL 35th National U-20 Girls Chess-ch 20"]
[Site "Haryana"]
[Date "2022.03.13"]
[Round "9.3"]
[White "Bristy Mukherjee"]
[Black "Femil Chelladurai"]
[Result "0-1"]
[ECO "D01"]
[WhiteElo "1856"]
[BlackElo "1580"]
[Annotator "NA RC"]
[PlyCount "68"]
[EventDate "2022.03.09"]
[EventCountry "IND"]
[SourceTitle "playchess.com"]
[Source "ChessBase"]
[SourceQuality "1"]
[TimeControl "5400+30"]

1. d4 d5 2. Nc3 Nf6 3. Bg5 Bf5 4. f3 Nbd7 5. Nxd5 Nxd5 6. e4 h6 7. Bc1 e5 8. exf5 Qh4+ 9. g3 Qxd4 10. Qxd4 exd4 11. Ne2 c5 12. Nf4 Nb4 13. Kd1 O-O-O 14. Bd2 Nc6 15. b3 Nde5 16. Be2 Bd6 17. Nh5 g6 18. fxg6 fxg6 19. Nf4 Rdf8 20. Rf1 Rf7 21. Nd3 Nxd3 22. Bxd3 g5 23. Ke2 Rhf8 24. Be4 Ne5 25. h3 Re8 26. Kf2 Ref8 27. Kg2 c4 28. f4 c3 {[#]} 29. Bxc3 $1 dxc3 30. fxe5 Rxf1 31. Rxf1 Rxf1 32. Kxf1 Bxe5 33. Kf2 Kc7 34. g4 b6 $11 0-1

[Event "MPL 35th National U-20 Girls Chess-ch 20"]
[Site "Haryana"]
[Date "2022.03.13"]
[Round "9.4"]
[White "Marium Fatima"]
[Black "Divyabharathi Masanam"]
[Result "1/2-1/2"]
[ECO "D02"]
[WhiteElo "1511"]
[BlackElo "1711"]
[Annotator "NA RC"]
[PlyCount "82"]
[EventDate "2022.03.09"]
[EventCountry "IND"]
[SourceTitle "playchess.com"]
[Source "ChessBase"]
[SourceQuality "1"]
[TimeControl "5400+30"]

1. d4 d5 2. Nf3 Nf6 3. g3 e6 4. Bg2 Be7 5. O-O O-O 6. c4 dxc4 7. Qc2 a6 8. a4 Bd7 9. Qxc4 Bc6 10. Nc3 b5 11. Qd3 b4 12. Nd1 Nbd7 13. Ne3 Be4 14. Qd1 a5 15. Nc4 Bd5 16. Ne3 Bb7 17. b3 Nd5 18. Nxd5 Bxd5 19. Bb2 Rc8 20. Ne5 Bxg2 21. Kxg2 Nxe5 22. dxe5 c5 23. Rc1 h6 24. Rc4 Qc7 25. Qc2 Rfd8 26. Rd1 Qc6+ 27. e4 Rxd1 28. Qxd1 Kf8 29. Kf1 Ke8 30. Ke2 Qd7 31. Qxd7+ Kxd7 32. Bc1 h5 33. h4 Kc6 34. Be3 Rd8 35. Rc2 Rg8 36. Rc1 Rd8 37. Rc2 Rd7 38. Rc4 Rd8 39. Rc2 Rd7 40. Rc4 Rd8 41. Rc2 Rd7 1/2-1/2